 Dungeon Crawl Stone Soup version 0.18-a0-1195-g77a4f03 (webtiles) character file.

1044 Kidiri the Conjurer (level 8, -2/39 HPs)
             Began as a Deep Elf Conjurer on Jan 29, 2016.
             Shot with an arrow by a centaur (4 damage)
             ... on level 5 of the Dungeon.
             The game lasted 00:21:28 (6209 turns).

Kidiri the Conjurer (Deep Elf Conjurer)             Turns: 6209, Time: 00:21:28

Health: -2/39      AC:  4    Str:  5    XL:     8   Next: 4%
Magic:  9/18       EV: 14    Int: 21    God:
Gold:   211        SH:  0    Dex: 15    Spells: 5 memorised, 4 levels left

rFire  . . .     SeeInvis .     m - +0 short sword (elec)
rCold  . . .     Gourm    .     a - +1 leather armour
rNeg   . . .     Faith    +     (no shield)
rPois  .         Spirit   .     (no helmet)
rElec  .         Dismiss  .     (no cloak)
rCorr  .         Reflect  .     (no gloves)
SustAt .         Harm     .     (no boots)
MR     .....                    n - amulet of faith
Stlth  +++.......               (no ring)
                                (no ring)

@: very slightly contaminated, not resistant to hostile enchantments, fairly
stealthy
A: dopey 1, frail 1, wild magic 1, evolution 1
a: no special abilities


You were on level 5 of the Dungeon.
You were hungry.

You visited 2 branches of the dungeon, and saw 6 of its levels.

You collected 211 gold pieces.

Inventory:

Hand Weapons
 k - a +4 dagger
 m - a +0 short sword of electrocution (weapon)
 p - a cursed -3 dagger
Armour
 a - a +1 leather armour (worn)
Jewellery
 n - an amulet of faith (around neck)
Wands
 e - a wand of polymorph (14/24)
 q - a wand of digging (7/24)
 s - a wand of slowing (23/48)
Scrolls
 g - a scroll of fog
 h - 2 scrolls of remove curse
Potions
 d - a potion of cancellation
 j - a potion of brilliance
 o - 2 potions of might
Books
 b - a book of Conjurations

   Spells                             Type                      Level
   a - Magic Dart                     Conjuration                  1
   b - Searing Ray                    Conjuration                  2
   c - Dazzling Spray                 Conjuration/Hexes            3
   d - Fulminant Prism                Conjuration/Hexes            4
   e - Iskenderun's Mystic Blast      Conjuration                  4
   f - Iskenderun's Battlesphere      Conjuration/Charms           5
Comestibles
 c - 4 bread rations
 f - a chunk of flesh
 i - 4 meat rations


   Skills:
 + Level 2.0 Fighting
 + Level 2.5 Armour
 * Level 5.4 Dodging
 + Level 4.7 Stealth
 * Level 5.8 Spellcasting
 * Level 6.3 Conjurations
 + Level 3.4 Hexes


You had 4 spell levels left.
You knew the following spells:

 Your Spells              Type           Power        Failure   Level  Hunger
a - Magic Dart            Conj           ####         4%          1    None
b - Searing Ray           Conj           #####.       5%          2    None
c - Dazzling Spray        Conj/Hex       #####...     19%         3    ##.....
d - Iskenderun's Mystic   Conj           #####...     26%         4    ####...
e - Fulminant Prism       Conj/Hex       #####.....   38%         4    ####...


Dungeon Overview and Level Annotations

Branches:
Dungeon (5/15)             Temple (1/1) D:4

Altars:
Ashenzari
Cheibriados
Dithmenos
Elyvilon
Kikubaaqudgha
Makhleb
Nemelex Xobeh
Okawaru
Pakellas
Ru
Xom
Zin
The Shining One

Shops:
D:5 =

Annotations:
D:5 Grinder


Innate Abilities, Weirdness & Mutations

You are dopey. (Int -2)
You are frail (-10% HP).
Your spells are a little harder to cast, but a little more powerful.
You evolve.


Message History

Confirm with . or Enter, or press ? or * to list all spells.
Aiming: Magic Dart
Press: ? - help, Shift-Dir - straight line, f/p - centaur
Aim: a centaur (severely wounded, blind)
You miscast Magic Dart.
Your skin glows momentarily.
The centaur completely misses you.
You hit the centaur but do no damage.
The centaur is severely wounded.
The centaur wields an uncursed shortbow of flaming.
It bursts into flame!
The centaur shoots an arrow.
The arrow barely misses you.
Casting: Magic Dart
Confirm with . or Enter, or press ? or * to list all spells.
Aiming: Dazzling Spray
Press: ? - help, Shift-Dir - straight line, f/p - centaur
Aim: a centaur, wielding a shortbow of flaming (severely wounded, blind)
The spray of energy misses the centaur.
The centaur shoots an arrow.
The arrow hits you!
* * * LOW HITPOINT WARNING * * *
The arrow burns you.
You die...

#..# #. #..# ..
#..# .## #.. .[
#.. #. #c# #. #.#
..##### #@# #####
..#....
#(####...##.######
#(...........#####
######.###...#....
#...##.###...#.###
#..........#.#
#...#####....#.#
##. #....#.### #
#.........


You could see a centaur (blind).

Vanquished Creatures
  Sigmund (D:3)
  An ice beast (D:5)
  An ogre (D:5)
  A scorpion (D:4)
  2 crimson imps (D:5)
  3 orc priests
  5 orc wizards
  Terence (D:3)
  A worker ant (D:4)
  A worker ant zombie (D:3)
  A gnoll (D:3)
  13 adders
  A shadow imp (D:5)
  An ooze (D:1)
  An adder skeleton (D:4)
  2 worms (D:3)
  7 giant geckos
  20 orcs
  A ball python (D:1)
  5 giant cockroaches
  16 goblins
  8 hobgoblins
  13 kobolds
  A ball python skeleton (D:4)
  8 bats
  5 giant newts
  16 rats
136 creatures vanquished.

Vanquished Creatures (others)
  A giant frog zombie (D:5)
  A hound (D:5)
  An orc wizard (D:5)
  A worker ant (D:5)
  A rat (D:2)
  A fulminant prism (D:5)
6 creatures vanquished.

Grand Total: 142 creatures vanquished

Notes
Turn   | Place    | Note
--------------------------------------------------------------
     0 | D:1      | Kidiri the Deep Elf Conjurer began the quest for the Orb.
     0 | D:1      | Reached XP level 1. HP: 10/10 MP: 6/6
    91 | D:1      | Reached XP level 2. HP: 15/15 MP: 4/8
    95 | D:1      | Learned a level 2 spell: Searing Ray
   904 | D:1      | Reached XP level 3. HP: 16/19 MP: 5/10
   912 | D:1      | Learned a level 3 spell: Dazzling Spray
  1434 | D:2      | Found an iron altar of Okawaru.
  1526 | D:2      | Found a snail-covered altar of Cheibriados.
  1773 | D:2      | Reached XP level 4. HP: 24/24 MP: 5/11
  1805 | D:2      | Gained mutation: You are dopey. (Int -2) [potion of mutation]
  1805 | D:2      | Gained mutation: You evolve. [potion of mutation]
  1805 | D:2      | Gained mutation: Your spells are a little harder to cast, but a little more powerful. [potion of mutation]
  1823 | D:2      | Reached skill level 1 in Armour
  1923 | D:2      | Learned a level 4 spell: Iskenderun's Mystic Blast
  1964 | D:2      | Reached skill level 1 in Fighting
  2283 | D:3      | Reached skill level 1 in Hexes
  2354 | D:3      | Reached skill level 5 in Conjurations
  2420 | D:3      | Noticed Sigmund
  2560 | D:3      | Reached XP level 5. HP: 18/29 MP: 0/12
  2583 | D:2      | Found a shimmering altar of Xom.
  2583 | D:2      | Found an oddly glowing altar of Pakellas.
  2583 | D:2      | Found a glowing silver altar of Zin.
  2696 | D:3      | Killed Sigmund
  2696 | D:3      | Reached XP level 6. HP: 31/34 MP: 2/14
  2719 | D:3      | Found a shadowy altar of Dithmenos.
  2838 | D:3      | Learned a level 4 spell: Fulminant Prism
  2872 | D:3      | Noticed Terence
  2888 | D:3      | Killed Terence
  2914 | D:3      | Gained mutation: You are frail (-10% HP). [evolution]
  4059 | D:4      | Found a sparkling altar of Nemelex Xobeh.
  4103 | D:4      | Reached XP level 7. HP: 34/34 MP: 12/16
  4109 | D:4      | Reached skill level 5 in Spellcasting
  4883 | D:4      | Found a staircase to the Ecumenical Temple.
  4891 | Temple   | Entered the Ecumenical Temple
  5022 | D:5      | Entered Level 5 of the Dungeon
  5039 | D:5      | Reached skill level 6 in Conjurations
  5097 | D:5      | Reached skill level 5 in Dodging
  5144 | D:5      | Found Icevaroa's Jewellery Shop.
  5883 | D:5      | Noticed Grinder
  6012 | D:5      | Reached XP level 8. HP: 33/39 MP: 4/18
  6209 | D:5      | Shot with an arrow by a centaur

Vault maps used:
D:1:      nicolae_arrival_somewhat_less_tricky_arrival, roderic_hopi_sauvastika
D:2:      nicolae_overflow_hidden_temple, okawaru_trees_2, lemuel_flame_loot_1
D:3:      grunt_dithmenos_smoke_and_mirrors, serial_park_tiny_1,
          minmay_misc_feat_encased, due_unseen_surprise, uniq_sigmund,
          uniq_terence
D:4:      kennysheep_little_box, temple_green, kennysheep_another_room,
          minmay_surrounded
D:5:      grunt_gozag_breadcrumbs, fiery_altar_vehumet, serial_shops,
          shop_statue, first_bread, corexii_hall_statues_i,
          minmay_ogre_servants, uniq_grinder, uniq_eustachio
Temple:   nicolae_temple_no_exploring_needed

Action                   |  1- 3 |  4- 6 |  7- 9 || total
-------------------------+-------+-------+-------++-------
Melee: Short sword       |     2 |    45 |    30 ||    77
       Club              |     1 |       |       ||     1
 Cast: Magic Dart        |    75 |   127 |    87 ||   289
       Dazzling Spray    |     1 |     4 |    16 ||    21
       Searing Ray       |       |     1 |       ||     1
       Fulminant Prism   |       |       |     1 ||     1
  Use: Scroll            |     5 |     3 |     5 ||    13
       Potion            |       |     7 |     2 ||     9
  Eat: Chunk             |     2 |     8 |     6 ||    16
       Beef jerky        |       |       |     1 ||     1
